 Dungeon Crawl Stone Soup version 0.31.0-11-ge490571c62 (webtiles) character file.

Game seed: 14220043383187285607

10 browni3141 the Trooper (level 2, 24/24 HPs)
             Began as a Demonspawn Fighter on Jan 31, 2024.
             Got out of the dungeon alive.
             The game lasted 00:00:07 (294 turns).

browni3141 the Trooper (Demonspawn Fighter)          Turns: 294, Time: 00:00:08

Health: 24/24      AC:  6    Str: 16    XL:     2   Next: 10%
Magic:  2/2        EV:  8    Int:  8    God:
Gold:   7          SH:  4    Dex: 12    Spells: 1/1 levels left

rFire   . . .        a - +0 flail
rCold   . . .        c - +0 buckler
rNeg    . . .        b - +0 scale mail
rPois   .            (no helmet)
rElec   .            (no cloak)
rCorr   .            (no gloves)
SInv    .            (no boots)
Will    .....        (no amulet) Stlth
                     (no ring)
HPRegen 0.24/turn    (no ring)
MPRegen 0.08/turn

%: no passive effects
@: no status effects
A: hooves 1
a: no special abilities


You escaped.
You visited 1 branch of the dungeon, and saw 1 of its levels.

You collected 7 gold pieces.

Inventory:

Hand Weapons
 a - a +0 flail (weapon)
Armour
 b - a +0 scale mail (worn)
 c - a +0 buckler (worn)
Potions
 d - a potion of might


   Skills:
 + Level 3.1 Fighting
 + Level 2.0 Maces & Flails
 + Level 2.8 Armour
 + Level 2.8 Shields


You had one spell level left.
You didn't know any spells.
Your spell library was empty.

Dungeon Overview and Level Annotations

Branches:
Dungeon (1/15)

Altars:


Innate Abilities, Weirdness & Mutations

You have large cloven feet.


Message History

You miss the quokka. The quokka barely misses you.
A quokka is nearby!
You closely miss the quokka. The quokka completely misses you.
The quokka closely misses you.
A quokka is nearby!
You thump the quokka!
You kill the quokka!
A giant cockroach comes into view.
You hit the giant cockroach.
The giant cockroach is almost dead.
The giant cockroach bites you but does no damage.
A giant cockroach is nearby!
You closely miss the giant cockroach.
The giant cockroach is almost dead.
The giant cockroach bites you but does no damage.
The giant cockroach barely misses you.
A giant cockroach is nearby!
You thump the giant cockroach!
You kill the giant cockroach!
An endoplasm comes into view.
An endoplasm is nearby!
A frilled lizard comes into view.
The frilled lizard hisses angrily.
The endoplasm freezes you.
You are frozen.
There are monsters nearby!
You sock the endoplasm!
You kill the endoplasm!
The frilled lizard bites you.
A frilled lizard is nearby!
You miss the frilled lizard. You block the frilled lizard's attack.
A frilled lizard is nearby!
You completely miss the frilled lizard. The frilled lizard barely misses you.
You block the frilled lizard's attack.
You hit the frilled lizard.
You kill the frilled lizard!
No target in view!
No target in view!
No target in view!
Key pressed, stopping explore.
No target in view!
No target in view!
No target in view!
A hobgoblin comes into view.
The hobgoblin shouts!
The hobgoblin hits you but does no damage.
A hobgoblin is nearby!
You completely miss the hobgoblin. The hobgoblin completely misses you.
A goblin comes into view. It is wielding a +0 dagger.
There are monsters nearby!
The goblin shouts!
You sock the hobgoblin!
You kill the hobgoblin!
You hear a loud squeak.
A goblin is nearby!
You see here a hobgoblin corpse.
A ball python comes into view.
There are monsters nearby!
You closely miss the goblin.
The ball python hisses angrily.
The goblin hits you with a +0 dagger.
A rat comes into view.
You hit the goblin.
The goblin is moderately wounded.
The goblin hits you but does no damage.
You sock the goblin!
You kill the goblin!
The ball python bites you but does no damage.
The ball python grabs you. The ball python constricts you.
Your Maces & Flails skill increases to level 2!
You have reached level 2!
Your demonic ancestry asserts itself...
Your feet thicken and deform.
You hit the ball python.
You kick the ball python, but do no damage.
The ball python is moderately wounded.
The ball python barely misses you. The ball python constricts you.
The ball python bites you. The ball python constricts you.
You barely miss the ball python. Your kick misses the ball python.
The ball python is moderately wounded.
The ball python bites you. The ball python constricts you.
The ball python bites you but does no damage.
The ball python constricts you.
You sock the ball python!
You kill the ball python!
The rat bites you.
You barely miss the rat. The rat bites you.
You closely miss the rat. Your kick misses the rat.
The rat bites you but does no damage.
You sock the rat!
You kill the rat!
No target in view!
No target in view!
Things that are here:
a +0 dagger; a goblin corpse You can't go up here!
Unknown command.
You see here a hobgoblin corpse.
There is a staircase leading out of the dungeon here.
You have escaped!

###################
≈≈≈≈≈≈≈≈≈≈§≈≈≈≈≈≈##
≈≈≈~§~~~§§~§≈≈≈≈≈≈##
~~§§~§~~§§§§§~~§§≈≈#
§~§§§..|.§..~§~§~§~##
§§§§§.........§§§§§§###
.§§§....@..♣.∩..§§§§§~###
...∩..............§§.~~~#
∩.....♣...♣....∩..♣..§§§.
....................∩....
.......................♣.
...................♣.....
.........................
.......................
................


There were no monsters in sight!

Vanquished Creatures
  A ball python (D:1)
  An endoplasm (D:1)
  A giant cockroach (D:1)
  A goblin (D:1)
  A hobgoblin (D:1)
  A quokka (D:1)
  2 frilled lizards (D:1)
  A rat (D:1)
9 creatures vanquished.

Notes
Turn   | Place    | Note
-------+----------+-------------------------------------------
     0 | D:1      | browni3141 the Demonspawn Fighter began the quest for the
                  | Orb.
     0 | D:1      | Reached XP level 1. HP: 18/18 MP: 1/1
   220 | D:1      | Gained mutation: You have large cloven feet. [demonic
                  | ancestry]
   220 | D:1      | Reached XP level 2. HP: 22/24 MP: 2/2
   294 | D:$      | Got out of the dungeon alive.

Illustrated notes

Levels and vault maps discovered:
D:1:      tekkud_arrival_beachfront_property, layout_loops_ring

Skill      XL: |  1 |
---------------+----+-----
Maces & Flails | 2 |  2.0
Fighting       | |  3.1
Armour         | |  2.8
Shields        | |  2.8

Action                     || total
---------------------------++-------
  Melee: Flail             ||    28
         Kick              ||     1
 Armour: Scale mail        ||    18
  Dodge: Dodged            ||    10
  Block: Buckler           ||     3
